 Dungeon Crawl Stone Soup version 0.27.1-4-g1640c2035a (webtiles) character file.

Game seed: 16412115149271762303

400 vineage the Chopper (level 6, 0/47 HPs)
             Began as a Demonspawn Gladiator on Nov 17, 2021.
             Was a Follower of Okawaru.
             Slain by a troll (3 damage)
             ... on level 5 of the Dungeon.
             The game lasted 00:06:54 (4124 turns).

vineage the Chopper (Demonspawn Gladiator)          Turns: 4124, Time: 00:06:54

Health: 0/47       AC:  5    Str: 16    XL:     6   Next: 54%
Magic:  6/6        EV: 10    Int: 16    God:    Okawaru [*.....]
Gold:   157        SH:  8    Dex: 18    Spells: 5/5 levels left

rFire    . . .     SeeInvis .   a - +1 war axe
rCold    . . .     Faith    .   m - +0 kite shield
rNeg     . . .     Spirit   .   i - +0 troll leather armour {Purgy}
rPois    .         Reflect  .   c - +0 helmet
rElec    .         Harm     .   (no cloak)
rCorr    .         Rampage  .   (no gloves)
Will     .....                  (no boots)
Stlth    +++.......             (no amulet)
HPRegen  1.15/turn              g - +6 ring of intelligence
MPRegen  0.10/turn              (no ring)

@: no status effects
A: thin skeletal structure 2, demonic guardian 2, MP-powered wands
a: Renounce Religion, Heroism


You were on level 5 of the Dungeon.
You worshipped Okawaru.
Okawaru was aware of your devotion.
You visited 2 branches of the dungeon, and saw 6 of its levels.
You also visited: Sewer.

You collected 181 gold pieces.
You spent 24 gold pieces at shops.

Inventory:

Hand Weapons
 a - a +1 war axe (weapon)
Missiles
 d - 3 throwing nets (quivered)
Armour
 c - a +0 helmet (worn)
 h - a +0 hat
 i - a +0 troll leather armour (worn) {Purgy}
 m - a +0 kite shield (worn)
Jewellery
 g - a +6 ring of intelligence (left hand)
Wands
 o - a wand of flame (32)
 s - a wand of digging (5)
Scrolls
 f - a scroll of teleportation
 l - a scroll of enchant weapon
 p - a scroll of blinking {unknown}
 q - a scroll of vulnerability {unknown}
Potions
 b - a potion of haste {unknown}
 e - a potion of flight
 j - 5 potions of invisibility
 k - 3 potions of mutation
 n - a potion of heal wounds
 r - a potion of curing {unknown}


   Skills:
 + Level 3.0 Fighting
 + Level 4.9 Axes
 - Level 1.7 Throwing
 + Level 2.4 Armour
 + Level 3.6 Dodging
 + Level 1.3 Shields


You had 5 spell levels left.
You didn't know any spells.
Your spell library contained the following spells:

 Spells                   Type           Power      Damage    Failure   Level
 Sting                    Tmut/Pois      0%         1d3       87%         1
 Summon Small Mammal      Summ           0%         N/A       87%         1
 Poisonous Vapours        Pois/Air       0%         N/A       95%         2
 Call Canine Familiar     Summ           0%         N/A       99%         3
 Summon Guardian Golem    Hex/Summ       0%         N/A       99%         3
 Olgreb's Toxic Radiance  Pois           0%         N/A       100%        4


Dungeon Overview and Level Annotations

Branches:
Dungeon (5/15)             Temple (1/1) D:4           Sewer (visited)

Altars:
Cheibriados
Nemelex Xobeh
Okawaru
Vehumet
Yredelemnul
Zin

Shops:
D:4 *


Innate Abilities, Weirdness & Mutations

You have a moderately thin skeletal structure. (Dex +4, Stealth++)
A demonic guardian rushes to your aid.
You expend magic power (3 MP) to strengthen your wands.


Message History

No target in view!
No target in view!
No target in view!
No target in view!
You open the gate.
There is an open gate here.
Found a stone staircase leading up.
Found 16 arrows.
There is an open gate here.
Found a sparkling altar of Nemelex Xobeh.
There is a sparkling altar of Nemelex Xobeh here.
There is an open gate here.
There is an open door here.
You open the door.
Done exploring.
Done exploring.
(D) Dungeon (T) Temple
Where to? (Enter - D:4 @ (x,y), ? - help)
There is a stone staircase leading down here.
You climb downwards.
The troll shouts!
There is a stone staircase leading up here.
There are monsters nearby!
You slash the troll!
The troll is moderately wounded.
You block the troll's attack. The troll claws you! The troll claws you.
The hound zombie bites you but does no damage.
You slash the troll!
The troll is heavily wounded.
You barely miss the hound zombie. You block the hound zombie's attack.
The troll bites you. The troll claws you!
The troll claws you but does no damage. The hound zombie closely misses you.
The troll bites you!
* * * LOW HITPOINT WARNING * * *
You block the troll's attack. The troll claws you!
* * * LOW HITPOINT WARNING * * *
A demonic guardian appears!
The hound zombie barely misses you. The troll closely misses you.
The troll claws you.
You die...

≈≈≈. ≈≈≈. . ...
.. #.. ... #..
..#. . #..
##.....
....#.T#.....#.
#....@Z.#
#.....4.#
...........#
........#...#
........##..#
.......## #.#
##..... ..
##...# ..


You could see a troll, a hound zombie (ally target) and a friendly ice devil
(summoned).

Vanquished Creatures
  A necrophage (D:4)
  A scorpion (D:4)
  An orc wizard (D:4)
  A hound zombie (D:4)
  6 adders
  An adder zombie (D:4)
  2 worms (D:4)
  2 dart slugs (D:2)
  8 orcs (D:4)
  3 bats
  3 endoplasms (D:3)
  3 giant cockroaches
  5 goblins
  5 hobgoblins
  9 jackals
  3 quokkas
  2 ball pythons
  3 frilled lizards
  5 kobolds
  11 rats
75 creatures vanquished.

Vanquished Creatures (collateral kills)
  Purgy (Sewer)
  A hobgoblin (D:4)
2 creatures vanquished.

Grand Total: 77 creatures vanquished

Notes
Turn   | Place    | Note
-------+----------+-------------------------------------------
     0 | D:1      | vineage the Demonspawn Gladiator began the quest for the
                  | Orb.
     0 | D:1      | Reached XP level 1. HP: 16/16 MP: 1/1
   660 | D:1      | Found a faded altar of an unknown god.
   669 | D:1      | Reached skill level 3 in Axes
   669 | D:1      | Gained mutation: A weak demonic guardian rushes to your
                  | aid. [demonic ancestry]
   669 | D:1      | Reached XP level 2. HP: 21/22 MP: 2/2
  1114 | D:2      | Gained mutation: You have a somewhat thin skeletal
                  | structure. (Dex +2, Stealth+) [demonic ancestry]
  1114 | D:2      | Reached XP level 3. HP: 19/27 MP: 3/3
  1614 | D:2      | Reached skill level 1 in Armour
  2084 | D:3      | Reached XP level 4. HP: 26/34 MP: 4/4
  3033 | D:4      | Found a staircase to the Ecumenical Temple.
  3045 | Temple   | Entered the Ecumenical Temple
  3052 | Temple   | Became a worshipper of Warmaster Okawaru
  3091 | D:4      | Found a glowing drain.
  3111 | Sewer    | Entered a sewer
  3301 | Sewer    | Noticed Purgy
  3315 | Sewer    | Gained mutation: You expend magic power (3 MP) to
                  | strengthen your wands. [potion of mutation]
  3318 | Sewer    | Killed Purgy
  3319 | Sewer    | Reached skill level 4 in Axes
  3319 | Sewer    | Gained mutation: A demonic guardian rushes to your aid.
                  | [demonic ancestry]
  3319 | Sewer    | Reached XP level 5. HP: 39/39 MP: 5/5
  3631 | D:4      | Found Luiff's General Store.
  3639 | D:4      | Bought a scroll of identify for 24 gold pieces
  3668 | D:4      | Found a snail-covered altar of Cheibriados.
  3777 | D:4      | Noticed a necrophage
  3800 | D:4      | Killed a necrophage
  3800 | D:4      | Reached * piety under Okawaru
  3801 | D:4      | Reached skill level 1 in Shields
  3801 | D:4      | Gained mutation: You have a moderately thin skeletal
                  | structure. (Dex +4, Stealth++) [demonic ancestry]
  3801 | D:4      | Reached XP level 6. HP: 43/46 MP: 6/6
  3920 | D:4      | Found a basalt altar of Yredelemnul.
  4052 | D:4      | Found a sparkling altar of Nemelex Xobeh.
  4121 | D:5      | Entered Level 5 of the Dungeon
  4121 | D:5      | Noticed a troll
  4123 | D:5      | HP: 2/47 [troll (12)]
  4124 | D:5      | Slain by a troll

Illustrated notes

Levels and vault maps discovered:
D:1:      dpeg_arrival_oval, layout_basic, serial_forest,
          infiniplex_forest_pool, infiniplex_forest_straight_3,
          infiniplex_forest_clump_large, infiniplex_forest_clump_tiny,
          infiniplex_forest_straight_2, infiniplex_forest_end_1,
          infiniplex_forest_clump_tiny, infiniplex_forest_clump_small,
          hellmonk_ecumenical_altar_dog_temple
D:2:      layout_basic
D:3:      layout_loops_cross
D:4:      layout_basic, nemelex_altar_shiori, cheibriados_altar_1,
          lemuel_zombie_altar_yredelemnul, minmay_temple_entry_wispy,
          serial_curves, eino_curves_01, eino_curves_04,
          cheibrodos_sewer_entry_drain, serial_shops, nicolae_shop_stone,
          minmay_fountain_box
D:5:      layout_cave_pools, mainiacjoe_overflow_small_starburst, serial_glass,
          glass_columns_c, glass_columns_a, glass_columns_a, glass_columns_b,
          gammafunk_ghost_gnarly_gnolls
Temple:   hc_temple_tempest_star

Skill      XL: |  1  2  3  4  5  6 |
---------------+-------------------+-----
Axes           | 3 4 |  4.9
Dodging        | 3 |  3.6
Armour         | 1 2 |  2.4
Shields        | 1 |  1.3
Fighting       | 3 |  3.0
Throwing       | |  1.7

Action                   |  1- 3 |  4- 6 || total
-------------------------+-------+-------++-------
Melee: War axe           |    90 |   161 ||   251
  Use: Potion            |       |     4 ||     4
       Scroll            |       |     5 ||     5
 Stab: Sleeping          |     3 |     8 ||    11
Armor: Leather armour    |    31 |    26 ||    57
       Troll leather arm |       |    35 ||    35
Dodge: Dodged            |    72 |   100 ||   172
Block: Kite shield       |       |    68 ||    68
